 Dungeon Crawl Stone Soup version 0.27-a0-789-g6bb3289e1e (webtiles) character file.

Game seed: 7639633098059582695

64 rageheart7 the Slasher (level 3, 0/33 HPs)
             Began as a Minotaur Gladiator on Mar 26, 2021.
             Slain by Terence
             ... wielding a +0 mace
              (4 damage)
             ... on level 3 of the Dungeon.
             The game lasted 00:01:18 (2619 turns).

rageheart7 the Slasher (Minotaur Gladiator)         Turns: 2619, Time: 00:01:19

Health: 0/33       AC:  3    Str: 19    XL:     3   Next: 91%
Magic:  2/2        EV: 12    Int:  5    God:
Gold:   127        SH:  0    Dex: 11    Spells: 2/2 levels left

rFire    . . .     SeeInvis .   a - +0 long sword
rCold    . . .     Faith    .   (no shield)
rNeg     . . .     Spirit   .   b - +0 leather armour
rPois    .         Reflect  .   c - +0 hat
rElec    .         Harm     .   (no cloak)
rCorr    .         Rampage  .   (no gloves)
Will     .....                  (no boots)
Stlth    +.........             (no amulet)
HPRegen  0.11/turn              (no ring)
MPRegen  0.08/turn              (no ring)

@: no status effects
A: horns 2, retaliatory headbutt
a: no special abilities


You were on level 3 of the Dungeon.
You visited 1 branch of the dungeon, and saw 3 of its levels.

You collected 127 gold pieces.

Inventory:

Hand Weapons
 a - a +0 long sword (weapon)
Missiles
 d - 3 throwing nets (quivered)
Armour
 b - a +0 leather armour (worn)
 c - a +0 hat (worn)
Jewellery
 k - a +6 ring of strength
Scrolls
 e - 3 scrolls of blinking {unknown}
 h - 3 scrolls of identify {unknown}
 i - a scroll of fear {unknown}
 l - a scroll of magic mapping {unknown}
Potions
 f - 2 potions of ambrosia {unknown}
 g - 2 potions of attraction {unknown}
 j - 2 potions of heal wounds {unknown}
 m - a potion of curing {unknown}
 n - a potion of cancellation {unknown}


   Skills:
 + Level 4.0 Fighting
 + Level 4.9 Long Blades
 - Level 2.0 Throwing
 - Level 3.2 Dodging


You had 2 spell levels left.
You didn't know any spells.
Your spell library contained the following spells:

 Spells                   Type           Power      Damage    Failure   Level
 Animate Skeleton         Necr           0%         N/A       54%         1
 Apportation              Tloc           0%         N/A       54%         1
 Corona                   Hex            0%         N/A       54%         1
 Summon Small Mammal      Summ           0%         N/A       54%         1
 Slow                     Hex            0%         N/A       67%         2
 Inner Flame              Hex/Fire       0%         N/A       88%         3
 Portal Projectile        Hex/Tloc       0%         N/A       88%         3
 Cause Fear               Hex            0%         N/A       99%         4
 Leda's Liquefaction      Hex/Erth       0%         N/A       99%         4


Dungeon Overview and Level Annotations

Branches:
Dungeon (3/15)

Altars:

Annotations:
D:3 Terence


Innate Abilities, Weirdness & Mutations

You have a pair of horns on your head.
You reflexively headbutt those who attack you in melee.


Message History

Terence is nearby!
You barely miss Terence. Terence barely misses you. You furiously retaliate!
You headbutt Terence, but do no damage.
Terence is nearby!
You slash Terence! Your headbutt misses Terence.
Terence is heavily wounded.
Terence hits you with a +0 mace.
A frilled lizard comes into view.
The frilled lizard hisses angrily.
You hit Terence. Your headbutt misses Terence.
Terence is severely wounded.
A bat comes into view.
Terence misses you.
The bat moves out of view.
You barely miss Terence. You headbutt Terence.
Terence is almost dead.
Terence barely misses you.
You riposte.
You closely miss Terence.
Terence is almost dead.
You hit Terence but do no damage.
Terence is almost dead.
Terence hits you with a +0 mace.
You hit Terence but do no damage. Your headbutt misses Terence.
Terence is almost dead.
Terence hits you with a +0 mace. Terence hits you with a +0 mace!
You are too injured to fight recklessly!
You are too injured to fight recklessly!
You closely miss Terence.
Terence is almost dead.
Terence closely misses you.
You barely miss Terence.
Terence is almost dead.
Terence hits you with a +0 mace.
You closely miss Terence. You headbutt Terence, but do no damage.
Terence is almost dead.
Terence screams, "I want your blood!" Terence hits you with a +0 mace!
* * * LOW HITPOINT WARNING * * *
You hit Terence but do no damage.
Terence is almost dead.
Terence hits you with a +0 mace.
You die...

#########$.
#..@@l.....
##.######..
#.# #.# #.#
#.# #.# #.#
#.#


You could see Terence and a frilled lizard.

Vanquished Creatures
  An adder (D:2)
  3 dart slugs
  4 orcs (D:3)
  6 endoplasms
  A giant cockroach (D:2)
  3 goblins
  4 hobgoblins
  3 jackals (D:1)
  2 quokkas (D:1)
  A ball python (D:2)
  4 bats
  2 frilled lizards
  4 kobolds
  2 rats
40 creatures vanquished.

Notes
Turn   | Place    | Note
-------+----------+-------------------------------------------
     0 | D:1      | rageheart7 the Minotaur Gladiator began the quest for the
                  | Orb.
     0 | D:1      | Reached XP level 1. HP: 18/18 MP: 0/0
   380 | D:1      | Reached XP level 2. HP: 25/26 MP: 1/1
  1276 | D:2      | Reached XP level 3. HP: 31/31 MP: 2/2
  2608 | D:3      | Noticed Terence
  2619 | D:3      | Slain by Terence

Illustrated notes

Levels and vault maps discovered:
D:1:      roderic_octagonal_star, layout_loops_corners
D:2:      layout_basic
D:3:      layout_basic, nicolae_tso_swordbearing_angel, xom_butterflies,
          uniq_terence

Skill      XL: |  1  2  3 |
---------------+----------+-----
Long Blades    | 4 |  4.9
Fighting       | 3 4 |  4.0
Throwing       | |  2.0
Dodging        | |  3.2

Action                   || total
-------------------------++-------
Melee: Long sword        ||    78
       Headbutt          ||    10
 Stab: Sleeping          ||     1
Armor: Leather armour    ||    12
Dodge: Dodged            ||    48
       Rpst.: Long sword ||     9

Table legend: (Time is in decaauts)
 A = Elapsed time spent in this place.
 B = Non-inter-level travel time spent in this place.
 C = Inter-level travel time spent in this place.
 D = Time resting spent in this place.
 E = Time spent auto-exploring this place.
 F = Levels seen in this place.
 G = Mean time per level.
                   A        B        C        D        E       F      G
               +--------+--------+--------+--------+--------+-----+--------+
         Total |   2632 |   2564 |     68 |      0 |   2353 |   3 |  877.3 |
       Dungeon |   2632 |   2564 |     68 |      0 |   2353 |   3 |  877.3 |
               +--------+--------+--------+--------+--------+-----+--------+

Top non-repeatable levels by time:
     D:1: 1196 daAuts
     D:2: 1066 daAuts
     D:3: 370 daAuts
